 Dungeon Crawl Stone Soup version 0.23-a0-435-g79ed067e35 (webtiles) character file.

331159 Leibowitz the Axe Maniac (level 21, -28/215 HPs)
             Began as a Minotaur Berserker on Oct 19, 2018.
             Was the Champion of Trog.
             Killed from afar by Aizul (45 damage)
             ... with a poison arrow
             ... on level 1 of the Crypt on Nov 16, 2018.
             The game lasted 03:17:07 (45065 turns).

Leibowitz the Axe Maniac (Minotaur Berserker)      Turns: 45065, Time: 03:17:07

Health: -28/215    AC: 31    Str: 33    XL:     21   Next: 18%
Magic:  7/7        EV: 11    Int:  4    God:    Trog [******]
Gold:   398        SH:  0    Dex: 17    Spells: 20/20 levels left

rFire    + + .     SeeInvis +   a - +3 executioner's axe (antimagic)
rCold    . . .     Gourm    .   (shield currently unavailable)
rNeg     . . .     Faith    +   L - +2 crystal plate armour
rPois    .         Spirit   .   (helmet restricted)
rElec    .         Reflect  .   e - +1 cloak
rCorr    .         Harm     .   W - +0 pair of gloves {Str+3}
MR       ++...                  t - +1 pair of boots {Fly}
Stlth    ..........             K - amulet of Suicidal Tendencies {Faith rF+}
HPRegen  0.85/turn              g - ring "Pium" {+Fly MR+ Str+3 Slay+6}
MPRegen  0.10/turn              G - ring of Doubts {rF+ Slay+2 SInv}

@: lethally poisoned (-28 -> -33), corroded, flying, very slightly contaminated,
drained
A: retaliatory headbutt, horns 2, agile 2, regeneration 1, weak 1, wild magic 1
}: 1/15 runes: barnacled
a: Berserk, Trog's Hand, Brothers in Arms, Renounce Religion, Stop Flying


You were on level 1 of the Crypt.
You worshipped Trog.
Trog was exalted by your worship.
You were near starving.

You visited 10 branches of the dungeon, and saw 41 of its levels.
You also visited: Labyrinth, Ice Cave, Volcano and Desolation.

You collected 5365 gold pieces.
You spent 4967 gold pieces at shops.

Inventory:

Hand Weapons
 a - a +3 antimagic executioner's axe (weapon)
 Q - a +4 battleaxe of flaming
Missiles
 y - 12 exploding tomahawks
 C - 9 throwing nets (quivered)
Armour
 d - a +1 pair of gloves of dexterity
 e - a +1 cloak (worn)
 i - a +2 ring mail of poison resistance
 t - a +1 pair of boots of flying (worn)
 w - +1 fire dragon scales
 L - a +2 crystal plate armour (worn)
 O - a +1 plate armour of cold resistance
 W - a +0 pair of gloves of strength (worn)
Jewellery
 g - the ring "Pium" (left hand) {+Fly MR+ Str+3 Slay+6}
   (You found it in the Desolation of Salt)

   [ring of flight]

   It affects your strength (+3).
   It affects your accuracy and damage with ranged weapons and melee attacks
   (+6).
   It affects your resistance to hostile enchantments.
   It lets you fly.
 r - the ring "Boavaf" {rC+ SInv Stlth+}
   (You took it off an orc on level 11 of the Dungeon)

   [ring of protection from cold]

   It protects you from cold.
   It lets you see invisible.
   It makes you more stealthy.
 D - an uncursed ring of resist corrosion
 G - the ring of Doubts (right hand) {rF+ Slay+2 SInv}
   (You found it in the Desolation of Salt)

   [ring of see invisible]

   It affects your accuracy and damage with ranged weapons and melee attacks
   (+2).
   It protects you from fire.
   It lets you see invisible.
 J - the amulet "Cefoin" {+Rage rC+ Str+6}
   (You acquired it on level 2 of the Shoals)

   [amulet of rage]

   It affects your strength (+6).
   It protects you from cold.
   It lets you go berserk.
 K - the amulet of Suicidal Tendencies (around neck) {Faith rF+}
   (You found it in the Desolation of Salt)

   [amulet of faith]

   It allows you to gain divine favour quickly.
   It protects you from fire.
 V - the ring "Tozeroru" {Ice rElec rN+ Str+2}
   (You found it on level 4 of the Shoals)

   [ring of ice]

   It enhances your ice magic.
   It affects your strength (+2).
   It makes you vulnerable to fire.
   It protects you from cold.
   It insulates you from electricity.
   It protects you from negative energy.
 X - an uncursed ring of positive energy
Wands
 o - a wand of disintegration (30)
 z - a wand of acid (16)
 M - a wand of iceblast (10)
 R - a wand of clouds (8)
Scrolls
 b - a scroll of acquirement
 f - 15 scrolls of remove curse
 h - 7 scrolls of teleportation
 l - 3 scrolls of fear
 m - 15 scrolls of identify
 A - 4 scrolls of enchant weapon
 H - 2 scrolls of magic mapping
 N - 3 scrolls of blinking
 T - a scroll of enchant armour
Potions
 n - 4 potions of haste
 q - 5 potions of brilliance
 u - 2 potions of cancellation
 x - 5 potions of agility
 F - 4 potions of curing
 P - a potion of flight
 U - a potion of might
 Y - 2 potions of resistance
Miscellaneous
 s - a phantom mirror
Comestibles
 c - 44 rations


   Skills:
 + Level 24.6(24.2) Fighting
 O Level 27(26.5) Axes
   Level 3.1(18.5) Polearms
 + Level 19.4(19.0) Armour
 + Level 7.0(6.7) Dodging
 + Level 4.0(3.8) Stealth
 + Level 1.5(1.2) Evocations


You had 20 spell levels left.
You didn't know any spells.
Your spell library contained the following spells:

 Spells                   Type           Power        Failure   Level  Hunger
 Poison Arrow             Conj/Pois      #.........   100%        6    #######
 Chain Lightning          Conj/Air       #.........   100%        8    #######
 Lehudib's Crystal Spear  Conj/Erth      #.........   100%        8    #######
 Fire Storm               Conj/Fire      #.........   100%        9    #######
 Glaciate                 Conj/Ice       #.........   100%        9    #######


Dungeon Overview and Level Annotations

Branches:
Dungeon (15/15)            Temple (0/1) D:5            Lair (6/6) D:9
 Shoals (4/4) Lair:3        Snake (3/4) Lair:3        Slime (4/5) Lair:5
    Orc (2/2) D:11            Elf (3/3) Orc:2        Vaults (2/5) D:14
  Crypt (1/3) Vaults:2     Depths (1/5) D:15

Altars:
Ashenzari
Gozag
Makhleb
Sif Muna
Uskayaw
Vehumet
Xom
Yredelemnul
Beogh
Jiyva

Shops:
D:4 *%   D:5 %   D:8 %   Orc:1 (   Orc:2 ([*:   Elf:1 **   Elf:2 [
Shoals:1 =*   Snake:1 =   Vaults:1 [*[

Annotations:
D:15 exclusion: Roxanne, Roxanne
Lair:5 exclusion: oklob plant
Shoals:1 2 runed doors, Wifisch's ghost, adept MiAK
Crypt:1 Aizul; Sojobo


Innate Abilities, Weirdness & Mutations

You reflexively headbutt those who attack you in melee.
You have a pair of horns on your head.
You are very agile. (Dex +4)
Your natural rate of healing is unusually fast.
You are weak. (Str -2)
Your spells are a little harder to cast, but a little more powerful.


Message History

You feel sick.
Your surroundings suddenly seem different.
You feel sick.
Aizul the Neglectful Guardian comes into view.
Aizul shouts!
An eidolon comes into view.
The eidolon gives a chilling moan.
Aizul coils herself and waves her upper body at you.
The poison arrow hits you!
You are lethally poisoned!
* * * LOW HITPOINT WARNING * * *
Aizul yawns, and then pretends she didn't.
The eidolon closely misses you.
The eidolon hits you but does no damage.
Found a wand of random effects (10) and a scroll of immolation.
You feel better. Aizul casts a spell at you. The poison arrow hits you!
You are poisoned.
You die...

.?#############
.......@....S..
..#####W..####.
....# .....#
.......
#...#...# ....
.... #####
...###. #.


You could see Aizul and an eidolon.

Vanquished Creatures
  Polyphemus (Shoals:2)
  8 acid blobs
  Frances (D:14)
  A sphinx (Vaults:1)
  2 krakens
  2 tengu reavers
  An ancient champion (Crypt:1)
  5 azure jellies
  3 nagarajas
  A frost giant (Vaults:2)
  Donald (Elf:1)
  A deep elf sorcerer (Elf:3)
  8 vault wardens
  2 orc warlords
  4 imperial myrmidons (Desolation)
  Louise (Elf:2)
  A ghoul (Crypt:1)
  A reaper (IceCv)
  7 ironheart preservers
  Nessos (D:14)
  A halazid warlock (Desolation)
  Azrael (D:13)
  A dire elephant (D:15)
  A minotaur (Lab)
  A deep elf annihilator (Elf:1)
  4 deep elf death magi
  11 merfolk impalers
  An eidolon (Vaults:2)
  4 merfolk javelineers (Shoals:4)
  Josephine (D:14)
  A crystal guardian (Desolation)
  10 ragged hierophants (Desolation)
  2 great orbs of eyes
  7 servants of whispers (Desolation)
  6 yaktaur captains
  2 death oozes
  The ghost of Tinylith the Severer, a journeyman HOFi of Makhleb (Lair:1)
  Fannar (D:11)
  5 rakshasas
  5 hydras
  An ice dragon (Vaults:1)
  7 peacekeepers (Desolation)
  3 merfolk avatars
  6 naga warriors
  6 centaur warriors
  A catoblepas (Shoals:2)
  Erica (D:9)
  A vault guard (Vaults:2)
  3 death knights
  2 merfolk aquamancers
  34 dancing weapons
  The ghost of Fandomethor the Blocker, a journeyman GrFi of Okawaru (D:9)
  10 anacondas
  3 tengu warriors
  4 ogre magi
  8 death yaks
  6 two-headed ogres
  3 shock serpents
  6 naga sharpshooters
  A vampire mage (Vaults:2)
  3 orc high priests (Orc:2)
  Urug (Lair:4)
  22 deep elf knights
  A fire crab (shapeshifter) (Vaults:2)
  6 skeletal warriors
  A shadow wraith (Vaults:1)
  12 sea snakes
  6 unseen horrors
  An entropy weaver zombie (Crypt:1)
  6 wizards
  2 glowing orange brains
  A salamander mystic (Snake:3)
  4 naga ritualists
  A deep troll (shapeshifter) (Vaults:1)
  A harpy (shapeshifter) (Elf:2)
  8 ironbrand convokers
  A phantasmal warrior (Vaults:2)
  A tengu zombie (Vaults:2)
  18 harpies
  A necromancer (Vaults:2)
  14 deep elf archers
  An oklob plant (Snake:1)
  8 orc sorcerers
  3 shining eyes
  62 deep elf magi
  3 wolf spiders
  3 ugly things
  9 mana vipers
  11 orc knights
  17 manticores
  5 cyclopes
  7 salamanders
  A fire giant skeleton (Crypt:1)
  5 toenail golems (Volcano)
  10 naga magi
  A human skeleton (Vaults:2)
  6 vault sentinels
  6 guardian serpents
  2 gargoyles (D:11)
  12 elephants
  5 molten gargoyles
  4 water nymphs
  34 black mambas
  7 merfolk sirens
  Psyche (D:9)
  2 ice statues (IceCv)
  2 eyes of devastation
  A spiny frog (shapeshifter) (Vaults:2)
  12 spiny frogs
  A green draconian zombie (Crypt:1)
  3 freezing wraiths (Vaults:1)
  7 komodo dragons
  15 yaktaurs
  A pale draconian zombie (Crypt:1)
  11 ice devils (IceCv)
  4 kobold demonologists (D:10)
  2 rime drakes
  6 trolls
  31 merfolk
  A wind drake (shapeshifter) (D:14)
  5 wind drakes
  3 polar bears
  74 saltlings
  14 snapping turtles
  2 bog bodies (Crypt:1)
  4 hornets
  65 slime creatures
  7 dream sheep
  9 hippogriffs
  An ettin skeleton (Vaults:2)
  A shadow (D:11)
  8 wraiths
  A guardian serpent skeleton (Crypt:1)
  2 tarantellas (shapeshifter) (D:14)
  42 yaks
  2 air elementals (Elf:1)
  9 water elementals
  3 hungry ghosts
  4 wyverns
  Grum (Lair:1)
  A fire bat (shapeshifter) (Vaults:2)
  7 vampire mosquitoes
  3 basilisks
  9 fire elementals
  3 golden eyes (Slime:4)
  2 wargs
  2 soldier ants (D:11)
  3 acid dragons
  29 nagas
  2 hell hounds (D:13)
  10 porcupines
  16 water moccasins
  6 sky beasts
  55 orc warriors
  3 phantoms
  5 black bears
  6 ice beasts
  A necrophage (D:11)
  2 eyes of draining (Slime:2)
  24 centaurs
  9 boggarts
  11 wolves
  9 crocodiles
  23 ogres
  9 big kobolds
  An earth elemental (Elf:1)
  19 bullfrogs
  A gnoll sergeant (D:7)
  2 wyvern zombies
  A hornet simulacrum (D:15)
  5 scorpions
  A human simulacrum (Vaults:2)
  13 killer bees
  19 wights
  3 electric eels
  3 howler monkeys
  2 lava snakes
  4 crimson imps
  A centaur zombie (D:10)
  9 hounds
  3 quasits
  2 bullfrog skeletons
  4 jellies
  34 orc wizards
  Crazy Yiuf (D:6)
  36 orc priests
  A bullfrog zombie (D:10)
  A gnoll shaman (D:7)
  8 centaur skeletons
  4 iguanas
  14 worker ants
  A centaur simulacrum (D:11)
  A hound skeleton (D:7)
  A howler monkey zombie (D:6)
  2 worker ant zombies
  2 howler monkey skeletons (D:8)
  14 gnolls
  26 adders
  5 shadow imps
  13 white imps
  7 ufetubi
  2 oozes
  An adder zombie (D:8)
  4 worms
  4 dart slugs
  7 leopard geckos
  133 orcs
  5 bats
  2 giant cockroaches
  7 goblins
  6 hobgoblins
  7 jackals
  30 kobolds
  A quokka (D:6)
  A ball python (Snake:2)
  2 frilled lizards (D:1)
  A jackal skeleton (D:9)
  A leopard gecko skeleton (D:5)
  A quokka skeleton (D:4)
  A quokka zombie (D:6)
  6 rats
  A bush (D:9)
  A butterfly (D:11)
  2 crawling corpses (Elf:3)
  4 fungi
  3 plants
  3 tentacles (Shoals:1)
1665 creatures vanquished.

Vanquished Creatures (collateral kills)
  Rupert (Lair:3)
  A fire dragon (D:11)
  A peacekeeper (Desolation)
  A black mamba (Lair:3)
  A saltling (Desolation)
  A slime creature (D:11)
  A basilisk (Lair:3)
  A naga (Snake:3)
  3 orc warriors
  A crocodile (Lair:3)
  A bullfrog (D:11)
  A crimson imp (D:11)
  A hound (D:11)
  2 orc priests (D:9)
  A bullfrog zombie (D:11)
  A bullfrog skeleton (D:11)
  A worker ant simulacrum (D:11)
  8 orcs
28 creatures vanquished.

Vanquished Creatures (others)
  A naga (Snake:2)
  An orc warrior (Orc:2)
  A worker ant (D:11)
  2 white imps (IceCv)
  2 ufetubi (IceCv)
  An orc (Orc:2)
  5 fungi (D:9)
  8 plants (D:9)
  7 tentacles
  4 toadstools (D:3)
32 creatures vanquished.

Grand Total: 1725 creatures vanquished

Notes
Turn   | Place    | Note
-------+----------+-------------------------------------------
     0 | D:1      | Leibowitz the Minotaur Berserker began the quest for the
                  | Orb.
     0 | D:1      | Reached XP level 1. HP: 19/19 MP: 0/0
   218 | D:1      | Reached XP level 2. HP: 27/27 MP: 1/1
   222 | D:1      | Reached skill level 4 in Axes
   571 | D:1      | Reached XP level 3. HP: 33/33 MP: 2/2
  1058 | D:2      | Reached ** piety under Trog
  1187 | D:2      | Reached XP level 4. HP: 41/41 MP: 3/3
  1248 | D:2      | Reached skill level 5 in Axes
  1545 | D:2      | Reached XP level 5. HP: 45/47 MP: 4/4
  1898 | D:3      | Reached skill level 5 in Fighting
  1954 | D:3      | Noticed an ogre
  1964 | D:3      | Killed an ogre
  1964 | D:3      | Reached skill level 6 in Axes
  1964 | D:3      | Reached skill level 1 in Polearms
  1964 | D:3      | Reached XP level 6. HP: 33/56 MP: 5/5
  2316 | D:3      | Found a hide-covered altar of Uskayaw.
  2336 | D:3      | Found an opulent altar of Gozag.
  2337 | D:3      | Found a burning altar of Makhleb.
  2632 | D:4      | Reached *** piety under Trog
  2632 | D:4      | Reached skill level 7 in Axes
  2632 | D:4      | Reached XP level 7. HP: 59/61 MP: 6/6
  2691 | D:4      | Reached skill level 5 in Armour
  2901 | D:4      | Found Vieg's General Store.
  2904 | D:4      | Found Dexkiery's Food Shoppe.
  2907 | D:4      | Bought a potion of haste for 120 gold pieces
  2907 | D:4      | Bought a potion of curing for 36 gold pieces
  3162 | D:5      | Entered Level 5 of the Dungeon
  3239 | D:5      | Found Efuhur's Food Emporium.
  3264 | D:5      | Found a deep blue altar of Sif Muna.
  3352 | D:5      | Reached skill level 8 in Axes
  3423 | D:5      | Found a staircase to the Ecumenical Temple.
  3704 | D:6      | Reached XP level 8. HP: 34/70 MP: 7/7
  3987 | D:6      | Reached **** piety under Trog
  4046 | D:6      | Reached skill level 9 in Axes
  4298 | D:6      | Found a runed door.
  4302 | D:6      | Noticed Crazy Yiuf
  4310 | D:6      | Killed Crazy Yiuf
  4677 | D:7      | Reached skill level 10 in Axes
  4977 | D:7      | Reached XP level 9. HP: 80/80 MP: 8/8
  5410 | D:7      | Reached skill level 11 in Axes
  5416 | D:7      | Reached ***** piety under Trog
  5416 | D:7      | Received a gift from Trog
  5815 | D:8      | Found Rakibropt's Food Boutique.
  5986 | D:8      | Reached skill level 12 in Axes
  6015 | D:8      | Reached skill level 1 in Stealth
  6132 | D:8      | Found a shimmering altar of Xom.
  6206 | D:8      | Reached XP level 10. HP: 74/91 MP: 9/9
  6880 | D:9      | Reached skill level 13 in Axes
  7082 | D:9      | Noticed a death yak
  7095 | D:9      | Killed a death yak
  7095 | D:9      | Reached skill level 10 in Fighting
  7095 | D:9      | Reached skill level 14 in Axes
  7277 | D:9      | Received a gift from Trog
  7292 | D:9      | Reached XP level 11. HP: 46/101 MP: 10/10
  7469 | D:9      | Found a staircase to the Lair.
  7797 | D:9      | Noticed Fandomethor's ghost (journeyman GrFi)
  7798 | D:9      | Found a runed gate.
  7798 | D:9      | Found a runed gate.
  7827 | Lair:1   | Entered Level 1 of the Lair of Beasts
  7827 | Lair:1   | Noticed a six-headed hydra
  7841 | Lair:1   | Killed a six-headed hydra
  7988 | Lair:1   | Noticed Grum
  7997 | Lair:1   | Killed Grum
  7999 | Lair:1   | Reached skill level 10 in Armour
  8038 | Lair:1   | Noticed Tinylith's ghost (journeyman HOFi)
  8044 | Lair:1   | Found a runed gate.
  8044 | Lair:1   | Found a runed gate.
  8046 | Lair:1   | Found a runed gate.
  8076 | Lair:1   | Reached skill level 15 in Axes
  8827 | Lair:2   | Received a gift from Trog
  9968 | Lair:3   | Found a staircase to the Snake Pit.
 10203 | Lair:3   | Found a staircase to the Shoals.
 10282 | Lair:3   | Reached skill level 16 in Axes
 10287 | Lair:3   | Reached XP level 12. HP: 17/112 MP: 11/11
 10691 | Lair:3   | Noticed Rupert
 10694 | Lair:3   | Paralysed by Rupert for 7 turns
 10717 | Lair:3   | Killed Rupert
 10976 | Lair:3   | Reached skill level 1 in Evocations
 11439 | Lair:4   | Found a labyrinth entrance.
 11453 | Lab      | Entered a labyrinth
 11584 | Lab      | Noticed a minotaur
 11600 | Lab      | Killed a minotaur
 11608 | Lab      | Got a polished ring mail
 11769 | Lair:4   | Identified the cursed +1 ring mail of Fallacy {Dex+4} (You
                  | found it in a labyrinth)
 11825 | Lair:4   | Noticed an eight-headed hydra
 12066 | Lair:4   | Killed an eight-headed hydra
 12248 | Lair:4   | Noticed a seven-headed hydra
 12254 | Lair:4   | Killed a seven-headed hydra
 12593 | Lair:4   | Reached skill level 17 in Axes
 12692 | Lair:4   | Noticed Urug
 12702 | Lair:4   | Killed Urug
 12702 | Lair:4   | Reached XP level 13. HP: 79/122 MP: 12/12
 12857 | Lair:5   | Gained mutation: Your natural rate of healing is unusually
                  | fast. [potion of mutation]
 12857 | Lair:5   | Gained mutation: You evolve. [potion of mutation]
 12857 | Lair:5   | Gained mutation: You are agile. (Dex +2) [potion of
                  | mutation]
 12857 | Lair:5   | Gained mutation: Your spells are a little harder to cast,
                  | but a little more powerful. [potion of mutation]
 13031 | Lair:5   | Received a gift from Trog
 13285 | Lair:5   | Found a runed door.
 13285 | Lair:5   | Found a viscous altar of Jiyva.
 13286 | Lair:5   | Found a staircase to the Slime Pits.
 13286 | Lair:5   | Noticed an acid blob
 13286 | Lair:5   | Noticed an acid blob
 13622 | Lair:6   | Entered Level 6 of the Lair of Beasts
 13696 | Snake:1  | Entered Level 1 of the Snake Pit
 13790 | Snake:1  | Reached skill level 18 in Axes
 13928 | Snake:1  | Found Tusad's Jewellery Shop.
 13961 | Snake:1  | Bought an uncursed ring of see invisible for 210 gold
                  | pieces
 14223 | D:9      | Noticed Psyche
 14230 | D:9      | Killed Psyche
 14475 | D:9      | Noticed Erica
 14483 | D:9      | Killed Erica
 14799 | D:9      | Found a runed gate.
 14800 | D:9      | Found a roughly hewn altar of Beogh.
 15028 | D:10     | Entered Level 10 of the Dungeon
 15062 | D:10     | Reached ****** piety under Trog
 15075 | D:10     | Received a gift from Trog
 15641 | D:11     | Found a frozen archway.
 15670 | D:11     | Reached XP level 14. HP: 116/133 MP: 4/13
 15690 | D:11     | Received a gift from Trog
 15698 | IceCv    | Entered an ice cave
 15764 | IceCv    | Reached skill level 15 in Fighting
 16033 | IceCv    | Noticed a reaper
 16045 | IceCv    | Killed a reaper
 16045 | IceCv    | Reached skill level 19 in Axes
 16194 | D:11     | Found a staircase to the Orcish Mines.
 16268 | D:11     | Found a roughly hewn altar of Beogh.
 16344 | D:11     | Noticed Fannar
 16362 | D:11     | Killed Fannar
 16606 | D:11     | Identified the ring "Boavaf" {rC+ SInv Stlth+}
 16833 | D:11     | Gained mutation: Your system is resistant to poisons.
                  | (rPois) [evolution]
 17008 | D:11     | Identified the Tome of Stones
 17583 | D:12     | Received a gift from Trog
 18513 | D:13     | Noticed Azrael
 18525 | D:13     | Killed Azrael
 18526 | D:13     | Reached skill level 20 in Axes
 18530 | D:13     | Received a gift from Trog
 18583 | D:13     | Got an ichor-stained glaive {god gift}
 18584 | D:13     | Identified the +7 glaive "Foalif" {chop, Int+2} (Trog
                  | gifted it to you on level 13 of the Dungeon)
 19455 | D:14     | Noticed Nessos
 19467 | D:14     | Killed Nessos
 19568 | D:14     | Found a basalt altar of Yredelemnul.
 19577 | D:14     | Reached XP level 15. HP: 57/145 MP: 5/15
 19737 | D:14     | Noticed Josephine
 19758 | D:14     | Killed Josephine
 19776 | D:14     | Found a burning altar of Makhleb.
 19809 | D:14     | Found a gate to the Vaults.
 19821 | D:14     | Received a gift from Trog
 19898 | D:14     | Noticed Frances
 19916 | D:14     | Killed Frances
 20262 | D:14     | Lost mutation: Your system is resistant to poisons. (rPois)
                  | [evolution]
 20331 | D:15     | Entered Level 15 of the Dungeon
 20793 | D:15     | Noticed Roxanne
 21051 | D:15     | Paralysed by an orc sorcerer for 5 turns
 21057 | D:15     | Received a gift from Trog
 21366 | D:15     | Found a staircase to the Depths.
 21371 | Depths:1 | Entered Level 1 of the Depths
 21613 | Orc:1    | Entered Level 1 of the Orcish Mines
 21636 | Orc:1    | Found a dark tunnel.
 21653 | Volcano  | Entered a volcano
 21660 | Volcano  | Reached skill level 15 in Armour
 22137 | Orc:1    | Found Xaryinit's Antique Weapon Shop.
 22313 | Orc:1    | Noticed an orc warlord
 22314 | Orc:1    | Reached skill level 21 in Axes
 22331 | Orc:1    | Killed an orc warlord
 22334 | Orc:1    | Received a gift from Trog
 22592 | Orc:2    | Entered Level 2 of the Orcish Mines
 22846 | Orc:2    | Received a gift from Trog
 23021 | Orc:2    | Noticed an orc warlord
 23143 | Orc:2    | Killed an orc warlord
 23221 | Orc:2    | Reached skill level 5 in Dodging
 23241 | Orc:2    | HP: 6/149 [orc warrior/+0 war axe (13)]
 23486 | Orc:2    | Found a staircase to the Elven Halls.
 23553 | Orc:2    | Received a gift from Trog
 23682 | Orc:2    | Reached XP level 16. HP: 146/157 MP: 5/16
 23784 | Orc:2    | Found Ytileume's Book Emporium.
 23784 | Orc:2    | Found Beavvol's General Store.
 24097 | Orc:2    | Paralysed by an orc sorcerer for 5 turns
 24149 | Orc:2    | Received a gift from Trog
 24372 | Orc:2    | Found Esuubluo's Antique Armour Shoppe.
 24372 | Orc:2    | Found Pigy's Antique Weapon Shoppe.
 24763 | D:9      | Killed Fandomethor's ghost
 24994 | Lair:1   | Killed Tinylith's ghost
 25304 | Snake:1  | Received a gift from Trog
 25803 | Snake:1  | Found a shattered altar of Ashenzari.
 26764 | Snake:2  | Reached skill level 22 in Axes
 27221 | Snake:2  | Received a gift from Trog
 28216 | Snake:3  | HP: 3/240 [naga warrior/+0 trident (19)]
 28219 | Snake:3  | HP: 1/240 [poisoned by a naga (splash of poison)]
 28238 | Snake:3  | HP: 6/160 [anaconda (13)]
 28549 | Snake:3  | Received a gift from Trog
 29081 | Snake:3  | Reached XP level 17. HP: 168/168 MP: 5/17
 29469 | Snake:3  | Reached skill level 23 in Axes
 29663 | Shoals:1 | Entered Level 1 of the Shoals
 29718 | Shoals:1 | Found Camucob's Assorted Antiques.
 29723 | Shoals:1 | Found Tatt's Jewellery Shoppe.
 29749 | Shoals:1 | Received a gift from Trog
 29846 | Shoals:1 | Noticed a kraken
 29861 | Shoals:1 | Killed a kraken
 30575 | Shoals:1 | Found a large runed door.
 30575 | Shoals:1 | Found a large runed door.
 30582 | Shoals:1 | Noticed Wifisch's ghost (adept MiAK)
 31316 | Shoals:2 | Noticed Polyphemus
 31333 | Shoals:2 | Received a gift from Trog
 31338 | Shoals:2 | Killed Polyphemus
 31482 | Shoals:2 | Identified 2 scrolls of acquirement
 31483 | Shoals:2 | Got a shimmering bronze amulet
 31484 | Shoals:2 | Identified the amulet "Cefoin" {+Rage rC+ Str+6} (You
                  | acquired it on level 2 of the Shoals)
 31486 | Shoals:2 | Got a crude shield
 31494 | Shoals:2 | Identified the +2 shield of Magic {*Corrode +Blink Dex+7}
                  | (You acquired it on level 2 of the Shoals)
 31909 | Shoals:3 | Gained mutation: You are very agile. (Dex +4) [evolution]
 32445 | Shoals:4 | Entered Level 4 of the Shoals
 32786 | Shoals:4 | Noticed a kraken
 32808 | Shoals:4 | Received a gift from Trog
 32808 | Shoals:4 | Reached skill level 24 in Axes
 33072 | Shoals:4 | Killed a kraken
 33076 | Shoals:4 | Got a barnacled rune of Zot
 33636 | Shoals:4 | Got a warped brass ring
 33638 | Shoals:4 | Identified the ring "Tozeroru" {Ice rElec rN+ Str+2} (You
                  | found it on level 4 of the Shoals)
 33857 | Shoals:4 | Reached XP level 18. HP: 115/178 MP: 6/18
 34928 | Slime:1  | Entered Level 1 of the Pits of Slime
 35081 | Slime:2  | Received a gift from Trog
 35143 | Slime:1  | HP: 7/180 [large slime creature (24)]
 36228 | Slime:4  | Reached skill level 25 in Axes
 36282 | Slime:4  | Paralysed by a great orb of eyes for 2 turns
 36431 | Slime:4  | Gained mutation: You are weak. (Str -2) [a shining eye]
 36676 | Slime:4  | Received a gift from Trog
 37378 | Elf:1    | Entered Level 1 of the Elven Halls
 37488 | Elf:1    | Found Qunnudam's General Store.
 37496 | Elf:1    | Found a ruined gateway.
 37515 | Elf:1    | Found Keuquxze's Assorted Antiques.
 37625 | Desolati | Entered the Desolation of Salt
 37827 | Desolati | Received a gift from Trog
 38099 | Desolati | Reached XP level 19. HP: 182/189 MP: 6/19
 38130 | Desolati | Got a smoking quarterstaff
 38162 | Desolati | Got ancient ice dragon scales
 38176 | Desolati | Got a fine wooden ring
 38230 | Desolati | Identified the ring "Pium" {+Fly MR+ Str+3 Slay+6} (You
                  | found it in the Desolation of Salt)
 38231 | Desolati | Identified the cursed +1 ice dragon scales "Yrarudgh"
                  | {-Cast rElec rF- rC++ rN+} (You found it in the Desolation
                  | of Salt)
 38454 | Desolati | Received a gift from Trog
 38467 | Desolati | Got a warped battleaxe {god gift}
 38478 | Desolati | Identified the +2 battleaxe "Waju" {chop, +Fly rElec MR-}
                  | (Trog gifted it to you in the Desolation of Salt)
 38660 | Desolati | Reached skill level 26 in Axes
 38848 | Desolati | Got a wavering jade ring
 38850 | Desolati | Got a brightly glowing ruby amulet
 38853 | Desolati | Got a fine chain mail
 38855 | Desolati | Identified the cursed +1 chain mail of the Great Game {rF+
                  | MR- Int+2} (You found it in the Desolation of Salt)
 38856 | Desolati | Identified the ring of Doubts {rF+ Slay+2 SInv} (You found
                  | it in the Desolation of Salt)
 38859 | Desolati | Identified the amulet of Suicidal Tendencies {Faith rF+}
                  | (You found it in the Desolation of Salt)
 38965 | Desolati | Identified the +3 quarterstaff "Zimeziq" {pain, rC+ Str+3
                  | Int+2} (You found it in the Desolation of Salt)
 39174 | Elf:1    | Bought a heavily runed granite ring for 165 gold pieces
 39175 | Elf:1    | Identified the ring "Hione" {rPois rF- AC+2 Dex+4} (You
                  | bought it in a shop on level 1 of the Elven Halls)
 39234 | Elf:1    | Found a radiant altar of Vehumet.
 39511 | Elf:1    | Noticed Donald
 39516 | Elf:1    | Killed Donald
 39762 | Elf:1    | Upgraded the game from 0.23-a0-344-ge122d05652 to
                  | 0.23-a0-435-g79ed067e35
 39842 | Elf:2    | Received a gift from Trog
 39962 | Elf:2    | Noticed Louise
 39973 | Elf:2    | Killed Louise
 40071 | Elf:2    | Found a runed gate.
 40071 | Elf:2    | Found a runed gate.
 40071 | Elf:2    | Found a runed gate.
 40126 | Elf:2    | Received a gift from Trog
 40245 | Elf:2    | Found Vinues Rouh's Antique Armour Boutique.
 40381 | Elf:2    | Reached XP level 20. HP: 119/201 MP: 6/20
 40417 | Elf:2    | Lost mutation: You evolve. [end of evolution]
 40672 | Elf:2    | Received a gift from Trog
 40843 | Elf:3    | Entered Level 3 of the Elven Halls
 41045 | Elf:3    | Received a gift from Trog
 41421 | Vaults:1 | Entered Level 1 of the Vaults
 41724 | Vaults:1 | Found Gozag's Assorted Antiques.
 41738 | Vaults:1 | Reached skill level 27 in Axes
 41744 | Vaults:1 | Found an opulent altar of Gozag.
 41752 | Vaults:1 | Found Gozag's Antique Armour Emporium.
 41862 | Vaults:1 | Found Gozag's Antique Armour Shoppe.
 41897 | Vaults:1 | Bought a pair of crude boots for 950 gold pieces
 41907 | Vaults:1 | Identified the +2 pair of boots "Tiekhlui" {Int+6} (You
                  | bought it in a shop on level 1 of the Vaults)
 42392 | Orc:2    | Bought a runed crystal plate armour for 3486 gold pieces
 42638 | Vaults:1 | Received a gift from Trog
 42679 | Vaults:1 | Received a gift from Trog
 43109 | Vaults:1 | Received a gift from Trog
 43947 | Vaults:2 | Identified the +9 quarterstaff "Eman" {crush, Dex+4}
 44035 | Vaults:2 | Received a gift from Trog
 44191 | Vaults:2 | Reached XP level 21. HP: 208/214 MP: 7/21
 44892 | Vaults:2 | Found a staircase to the Crypt.
 44981 | Crypt:1  | Entered Level 1 of the Crypt
 45032 | Crypt:1  | Received a gift from Trog
 45041 | Crypt:1  | Noticed Sojobo
 45064 | Crypt:1  | Noticed Aizul
 45064 | Crypt:1  | HP: 9/215 [Aizul/poison arrow (4)]
 45065 | Crypt:1  | Killed from afar by Aizul

Vault maps used:
D:1:      lemuel_arrival_hallway, corexii_hall_statues_x
D:3:      grunt_temple_overflow_open, minmay_gold_behind_fungi, minivault_26
D:4:      serial_shops, shop, nicolae_shop_stone
D:5:      minmay_temple_entry_from_below_a, serial_shops, shop, first_ration,
          grunt_decor_cap, led_sif_book
D:6:      uniq_crazy_yiuf_cottage
D:7:      black_bear_nest_2
D:8:      xom_butterflies, serial_shops, nicolae_shop_stone, special_room
D:9:      argonaut_augean_stables, minmay_lair_entry_grove,
          biasface_ghost_orc_armoury, uniq_erica, uniq_psyche
D:11:     minmay_the_grid_octo_tiled_squarecenter_mashed,
          minmay_orc_entry_temple_small, serial_ice, serial_ice_i, serial_ice_d,
          serial_ice_g, serial_ice_f, portal_ice_cave_entry_pillars_2,
          uniq_fannar
D:12:     hangedman_ranch, minivault_8
D:13:     kennysheep_generic_room_16, uniq_azrael
D:14:     david_vaults_2, yredelemnul_altar_generic, basic_altar, uniq_frances,
          uniq_josephine, uniq_nessos
D:15:     hangedman_depths_entry_try_elsewhere_first, minmay_misc_feat_cross,
          uniq_roxanne
Lair:1:   gammafunk_ghost_split, nicolae_quartered_pool_super,
          lemuel_old_faithful, uniq_grum
Lair:2:   patterned_corridor
Lair:3:   minmay_shoals_entry_beasts, minmay_snake_entry_six_corridors,
          uniq_rupert
Lair:4:   lab_entry_generic, minmay_holes, minivault_25, serial_bayou_crossing,
          uniq_urug
Lair:5:   slime_altar_2
Lair:6:   guppyfry_lair_end_dragon, hangedman_lair_in_review,
          ebering_ghost_funeral_grove, chequers_serial_rivers_micro_c,
          lemuel_fruit_tree, infiniplex_staircase_pool_2
Shoals:1: serial_shops, nicolae_shop_statue_plus, shop,
          ebering_ghost_disaster_area, nicolae_shoals_wave_tunnel
Shoals:2: uniq_polyphemus
Shoals:4: shoals_end_hangedman
Snake:1:  serial_shops, shop_statue, lemuel_oklob_altar
Snake:2:  nicolae_snake_single_loop, hangedman_snake_corridor_cut,
          grunt_megastairs_4
Slime:2:  cheibrodos_slime_lost_civilization_2,
          cheibrodos_slime_lost_civilization_5
Orc:1:    serial_shops, shop, enter_volcano_1
Orc:2:    st_orc_congregation
Elf:1:    portal_desolation_entry_salt, serial_shops, shop, shop,
          evilmike_minifort, david_defended_altar_elf, uniq_donald
Elf:2:    serial_shops, shop_fountains, spider_trap, uniq_louise
Elf:3:    minmay_elf_hall_statues
Vaults:1: v_rooms_6, kennysheep_vaults_gozag_temple,
          nicolae_vaults_diagonal_hallway_7, v_misc_9,
          nicolae_vaults_little_squares_1,
          vaults_standard_mumra_enter_the_diamond, hangedman_vaults_hat,
          nicolae_vaults_border_crossing, v_pattern_5,
          nicolae_vaults_angled_halls, ontoclasm_vaults_gateway,
          vaults_dpeg_doors, v_misc_8
Vaults:2: minmay_crypt_entry_simple_sparse, vaults_dpeg_diagonal, v_rooms_4,
          v_misc_9, vaults_dpeg_hooks, nicolae_vaults_mini_display_case,
          nicolae_vaults_circle_grid_a, vaults_room_corners,
          vaults_room_hangedman_quadrants
Crypt:1:  grunt_crypt_arrival_webbed, uniq_sojobo, uniq_aizul
Depths:1: hellmouth_1, roderic_serpentine_path, abyss_entry_small_statue_room,
          kennysheep_generic_room_11, grunt_megastairs_3
Lab:      nicolae_lab_very_dead_end, nicolae_lab_t_cross, nicolae_lab_garden,
          labyrinth_lava_lair, nicolae_lab_grate, nicolae_lab_do_over,
          lab_block, nicolae_lab_lava
IceCv:    ice_cave_small_demon
Volcano:  volcano_bunker

Skill      XL: |  1  2  3  4  5  6  7  8  9 10 11 12 13 14 15 16 17 18 19 20 |
---------------+-------------------------------------------------------------+-----
Axes           | 4 5 6 7 8 10 12 14 16 17 18 20 21 22 24 25 26 27 | 27.0
Fighting       | 4 5 7 9 10 12 13 14 16 18 19 20 21 22 24 | 24.6
Armour         | 3 4 6 7 8 9 10 13 14 15 16 17 18 19 | 19.4
Dodging        | 3 4 5 6 7 |  7.0
Polearms       | 1 3 |  3.1
Stealth        | 1 2 3 4 |  4.0
Evocations     | 1 |  1.5

Action                   |  1- 3 |  4- 6 |  7- 9 | 10-12 | 13-15 | 16-18 | 19-21 || total
-------------------------+-------+-------+-------+-------+-------+-------+-------++-------
Melee: Hand axe          |    68 |   117 |    51 |       |    18 |       |       ||   254
       Headbutt          |    12 |    17 |    60 |   121 |   280 |   364 |   253 ||  1107
       Halberd           |       |    11 |       |       |       |       |       ||    11
       War axe           |       |       |   188 |   261 |       |       |       ||   449
       Battleaxe         |       |       |    88 |   244 |   698 |    13 |       ||  1043
       Trident           |       |       |       |    16 |       |       |       ||    16
       Broad axe         |       |       |       |       |   142 |       |       ||   142
       Executioner's axe |       |       |       |       |   244 |  1145 |   754 ||  2143
Invok: Berserk           |       |     3 |     5 |     6 |     9 |     7 |     2 ||    32
       Brothers in Arms  |       |       |       |     2 |     1 |     2 |     1 ||     6
       Trog's Hand       |       |       |       |       |     2 |     3 |     2 ||     7
Evoke: Wand              |       |       |     1 |     5 |     5 |       |       ||    11
  Use: Scroll            |     4 |     3 |     6 |     6 |     8 |     9 |     8 ||    44
       Potion            |     3 |     3 |     1 |     4 |     8 |     6 |     1 ||    26
 Stab: Sleeping          |       |       |       |       |       |     8 |       ||     8
       Distracted        |       |       |       |       |       |     2 |     1 ||     3
       Petrified         |       |       |       |       |       |     5 |       ||     5
  Eat: Chunk             |     1 |     7 |    11 |    26 |    39 |    31 |    21 ||   136
       Ration            |       |       |     3 |     2 |     2 |     7 |     1 ||    15
Armor: Animal skin       |    14 |       |       |       |       |       |       ||    14
       Scale mail        |    12 |     6 |       |       |       |       |       ||    18
       Plate armour      |       |    75 |   268 |   389 |   485 |   596 |   233 ||  2046
       Ring mail         |       |       |       |       |    19 |   100 |       ||   119
       Fire dragon scale |       |       |       |       |    64 |       |       ||    64
       Crystal plate arm |       |       |       |       |       |       |   166 ||   166
Dodge: Dodged            |    57 |    41 |   130 |   232 |   488 |   766 |   299 ||  2013

Table legend:
 A = Non-vault XP
 B = Vault XP
 C = Vault XP percentage of total XP
 D = Non-vault monster count
 E = Vault monster count
 F = Vault count percentage of total count
                 A         B        C        D         E       F
            +---------+---------+-------+---------+---------+-------
      Total |  346226 |  261672 |  43.0 |    1075 |     605 |  36.0
            +---------+---------+-------+---------+---------+-------
        D:1 |      45 |       0 |   0.0 |      22 |       0 |   0.0
        D:2 |     173 |       0 |   0.0 |      23 |       0 |   0.0
        D:3 |     444 |       0 |   0.0 |      29 |       0 |   0.0
        D:4 |     410 |       0 |   0.0 |      18 |       0 |   0.0
        D:5 |     193 |      39 |  16.8 |       6 |       1 |  14.3
        D:6 |     603 |      42 |   6.5 |      20 |       1 |   4.8
        D:7 |    2331 |     124 |   5.1 |      48 |       1 |   2.0
        D:8 |    1674 |     376 |  18.3 |      26 |      24 |  48.0
        D:9 |    1432 |    7289 |  83.6 |      41 |      40 |  49.4
       D:10 |    4764 |       0 |   0.0 |      40 |       0 |   0.0
       D:11 |    3127 |    5658 |  64.4 |      27 |      43 |  61.4
       D:12 |    5430 |    3962 |  42.2 |      36 |      12 |  25.0
       D:13 |    6691 |    2315 |  25.7 |      30 |       8 |  21.1
       D:14 |   10568 |    6508 |  38.1 |      37 |      11 |  22.9
       D:15 |   14504 |    2824 |  16.3 |      38 |       4 |   9.5
     Lair:1 |    3294 |    2526 |  43.4 |      15 |      10 |  40.0
     Lair:2 |    3714 |       0 |   0.0 |      18 |       0 |   0.0
     Lair:3 |    3624 |    3999 |  52.5 |      17 |      16 |  48.5
     Lair:4 |    8634 |     796 |   8.4 |      22 |       1 |   4.3
     Lair:5 |   11328 |    2362 |  17.3 |      34 |       1 |   2.9
   Shoals:1 |   11375 |    2410 |  17.5 |      21 |       8 |  27.6
   Shoals:2 |   13026 |    6950 |  34.8 |      27 |       6 |  18.2
   Shoals:3 |   10990 |       0 |   0.0 |      22 |       0 |   0.0
   Shoals:4 |   10349 |   23751 |  69.7 |      21 |      33 |  61.1
    Snake:1 |   14356 |     595 |   4.0 |      27 |       1 |   3.6
    Snake:2 |    7935 |    9668 |  54.9 |      13 |      20 |  60.6
    Snake:3 |   33706 |       0 |   0.0 |      69 |       0 |   0.0
    Slime:1 |   11747 |       0 |   0.0 |      15 |       0 |   0.0
    Slime:2 |   17832 |       0 |   0.0 |      18 |       0 |   0.0
    Slime:3 |    5506 |       0 |   0.0 |       3 |       0 |   0.0
    Slime:4 |   12705 |       0 |   0.0 |      39 |       0 |   0.0
      Orc:1 |    6868 |     983 |  12.5 |      48 |       3 |   5.9
      Orc:2 |    2449 |   10443 |  81.0 |      33 |      67 |  67.0
      Elf:1 |   25196 |   11516 |  31.4 |      40 |      21 |  34.4
      Elf:2 |   18173 |   27273 |  60.0 |      30 |      33 |  52.4
      Elf:3 |   12137 |    2178 |  15.2 |      17 |       2 |  10.5
   Vaults:1 |   18782 |   40459 |  68.3 |      31 |      64 |  67.4
   Vaults:2 |   20449 |   15020 |  42.3 |      40 |      21 |  34.4
    Crypt:1 |    8080 |       0 |   0.0 |      12 |       0 |   0.0
   Depths:1 |     367 |       0 |   0.0 |       1 |       0 |   0.0
        Lab |    1215 |    1117 |  47.9 |       1 |       3 |  75.0
      IceCv |       0 |    6340 | 100.0 |       0 |      29 | 100.0
    Volcano |       0 |    6765 | 100.0 |       0 |      11 | 100.0
 Desolation |       0 |   57384 | 100.0 |       0 |     110 | 100.0
            +---------+---------+-------+---------+---------+-------
